 Dungeon Crawl Stone Soup version 0.21.0-3-g78d12a8 (webtiles) character file.

531902 grisnicke the Warrior (level 24, -1/218 HPs)
             Began as a Green Draconian Transmuter on Jan 13, 2018.
             Was a High Priest of Fedhas.
             Slain by a death cob (17 damage)
             ... on level 2 of the Realm of Zot on Jan 17, 2018.
             The game lasted 12:14:56 (84844 turns).

grisnicke the Warrior (Green Draconian Transmuter) Turns: 84844, Time: 12:14:57

Health: -1/218     AC: 23    Str: 14    XL:     24   Next: 45%
Magic:  39/39      EV: 21    Int: 30    God:    Fedhas [*****.]
Gold:   2359       SH: 22    Dex: 13    Spells: 0/47 levels left

rFire    + + .     SeeInvis .     - Unarmed
rCold    + + .     Gourm    .   v - +5 shield {rC+}
rNeg     . . .     Faith    .   (armour unavailable)
rPois    +         Spirit   .   k - +2 hat {Int+3}
rElec    +         Reflect  +   G - +2 cloak
rCorr    +         Harm     .   M - +2 pair of gloves of Lucaof {rElec Regen+}
MR       ++...                  R - +2 pair of boots
Stlth    +.........             I - +4 amulet of reflection (curse)
HPRegen  0.86/turn              T - ring of protection from magic {MR+, !d}
MPRegen  0.26/turn              A - ring of protection from fire {rF+, !d}

@: resistant, slowed, very slow
A: breathe noxious fumes, unfitting armour, stinger 1, blink, clever 2, poison
resistance, cold-blooded, AC +12
}: 3/15 runes: barnacled, slimy, gossamer
a: Breathe Noxious Fumes, Blink, Fungal Bloom, Evolution, Sunlight, Growth,
Reproduction, Rain, Renounce Religion


You were on level 2 of the Realm of Zot.
You worshipped Fedhas.
Fedhas was extremely pleased with you.
You were hungry.

You visited 10 branches of the dungeon, and saw 50 of its levels.
You also visited: Labyrinth, Sewer, Ossuary, Ice Cave and Volcano.

You collected 6432 gold pieces.
You spent 4073 gold pieces at shops.

Inventory:

Hand Weapons
 b - the +9 fustibalus "Quobbuh" {velocity, Int+2}
   (You bought it in a shop on level 3 of the Vaults)

   Any stone fired from it inflicts extra damage.
   It affects your intelligence (+2).
 w - a +9 blowgun
   (You took it off an orc on level 10 of the Dungeon)
Missiles
 a - 1164 arrows
 j - 219 sling bullets
 W - 6 throwing nets (quivered) {=f, !d}
 X - 8 curare-tipped needles
Armour
 k - a +2 hat of intelligence (worn)
   (You found it on level 4 of the Depths)
 v - a +5 shield of cold resistance (worn)
   (You found it in an ice cave)
 G - a +2 cloak (worn)
   (You took it off Maurice on level 9 of the Dungeon)
 M - the +2 pair of gloves of Lucaof (worn) {rElec Regen+}
   (You found it on level 3 of the Shoals)

   It insulates you from electricity.
   It increases your rate of regeneration.
 R - a +2 pair of boots (worn)
   (You bought it in a shop on level 2 of the Orcish Mines)
Magical Staves
 t - an uncursed staff of energy {+MP, hungerless spells, !d!a@w1}
   (You found it on level 5 of the Pits of Slime)
Jewellery
 A - a ring of protection from fire (right hand) {rF+, !d}
   (You bought it in a shop on level 6 of the Dungeon)
 D - an uncursed ring of protection from magic {MR+, !d}
   (You found it on level 5 of the Pits of Slime)
 I - a cursed +4 amulet of reflection (around neck)
   (You found it on level 7 of the Dungeon)
 L - an uncursed ring of resist corrosion
   (You found it in a labyrinth)
 N - the ring "Ruffosh" {rC++ Dex+3}
   (You found it on level 6 of the Lair of Beasts)

   [ring of dexterity]

   It affects your dexterity (+3).
   It greatly protects you from cold.
 T - a ring of protection from magic (left hand) {MR+, !d}
   (You found it on level 4 of the Lair of Beasts)
Wands
 p - a wand of acid (8)
   (You found it on level 1 of the Realm of Zot)
 z - a wand of paralysis (28)
   (You found it on level 6 of the Dungeon)
 H - a wand of iceblast (19)
   (You took it off Maurice on level 9 of the Dungeon)
Scrolls
 f - a scroll of silence
 g - 4 scrolls of blinking {!r}
 h - 13 scrolls of teleportation
 m - 18 scrolls of remove curse
 x - 5 scrolls of fog
 F - a scroll of summoning
 Q - 12 scrolls of identify
 U - 8 scrolls of fear
 V - 3 scrolls of magic mapping {!r}
Potions
 d - 2 potions of agility
 i - 13 potions of curing
 l - 3 potions of magic
 n - 4 potions of cancellation
 o - 11 potions of mutation {!q}
 q - 9 potions of flight
 r - 5 potions of heal wounds
 s - a potion of haste
 u - 6 potions of might
 E - 5 potions of berserk rage {!q}
 K - 2 potions of resistance
 S - a potion of invisibility
 Y - 5 potions of brilliance
 Z - 7 potions of ambrosia
Miscellaneous
 e - a lightning rod (4/4)
   (You found it on level 1 of the Depths)
 y - 2 phantom mirrors
 B - a lamp of fire
   (You bought it in a shop on level 8 of the Dungeon)
 J - a phial of floods (inert)
   (You found it on level 3 of the Vaults)
 O - a fan of gales
   (You found it on level 4 of the Depths)
 P - 3 sacks of spiders
Comestibles
 c - 19 rations
 C - a chunk of flesh {@w0}


   Skills:
 * Level 18.6 Fighting
 - Level 14.0 Slings
 + Level 15.2 Dodging
 - Level 15.0 Shields
 * Level 15.5 Unarmed Combat
 - Level 12.0 Spellcasting
 - Level 3.0 Hexes
 - Level 8.0 Necromancy
 - Level 4.1 Translocations
 - Level 13.0 Transmutations
 - Level 2.0 Ice Magic
 - Level 12.0 Earth Magic
 - Level 7.5 Poison Magic
 - Level 16.0 Invocations
 - Level 5.0 Evocations


You couldn't memorise any spells.
You knew the following spells:

 Your Spells              Type           Power        Failure   Level  Hunger
a - Lee's Rapid Deconstr  Erth           ######....   1%          5    ##.....
b - Ice Form              Ice/Tmut       ######..     1%          4    None
d - Olgreb's Toxic Radia  Pois           ######..     1%          4    None
e - Portal Projectile     Hex/Tloc       #####.       1%          3    None
f - Dispel Undead         Necr           ######..     2%          5    ##.....
g - Statue Form           Tmut/Erth      #######..    2%          6    ####...
h - Borgnjor's Vile Clut  Necr/Erth      ######....   1%          5    ##.....
i - Swiftness             Chrm/Air       ###.....     4%          2    None
r - Regeneration          Chrm/Necr      #####.....   1%          3    None
s - Sticks to Snakes      Tmut           #######.     1%          2    None
w - Passwall              Tmut/Erth      #######...   1%          2    None
x - Blade Hands           Tmut           #######...   1%          5    ##.....
z - Apportation           Tloc           #####.       1%          1    None


Dungeon Overview and Level Annotations

Branches:
Dungeon (15/15)            Temple (0/1) D:5            Lair (6/6) D:10
 Shoals (4/4) Lair:4       Spider (4/4) Lair:2        Slime (5/5) Lair:5
    Orc (2/2) D:10            Elf (3/3) Orc:2        Vaults (4/5) D:13
  Crypt (0/3) Vaults:3     Depths (5/5) D:15            Zot (2/5) Depths:5

Altars:
Ashenzari
Cheibriados
Elyvilon
Fedhas
Hepliaklqana
Kikubaaqudgha
Nemelex Xobeh
Qazlal
Ru
Sif Muna
Trog
Uskayaw
Vehumet
Xom
Yredelemnul
Zin
Beogh
Jiyva

Shops:
D:6 =   D:8 !}*(   Orc:2 *(}[   Elf:2 (   Elf:3 !   Vaults:3 *

Portals:
Hell: Depths:1 Depths:2 Depths:3 Depths:4 Depths:5
Abyss: Depths:3 Depths:4
Pandemonium: Depths:1 Depths:3 Depths:4 Depths:5
Ziggurat: Depths:1

Annotations:
D:1 exclusion: downstairs
D:8 exclusion: statue
D:9 exclusion: door
Elf:2 3 runed doors
Depths:1 exclusions: eye of draining, 2 floating eyes, great orb of eyes and 4 more exclusions
Depths:4 exclusions: obsidian statue and orange crystal statue


Innate Abilities, Weirdness & Mutations

You can breathe blasts of noxious fumes.
Your lurid green scales are hard. (AC +12)
You cannot fit into any form of body armour.
Your tail ends in a poisonous barb.
Your system is resistant to poisons. (rPois)
You are cold-blooded and may be slowed by cold attacks.
You can translocate small distances at will.
Your mind is very acute. (Int +4)


Message History

You pummel the death cob!!
You are engulfed in freezing vapours.
You resist. You block the death cob's attack.
The death cob splashes around in the water.
You block the death cob's attack. The death cob closely misses you.
You block the quicksilver dragon's attack.
The quicksilver dragon claws you! The golden dragon misses you.
You block the golden dragon's attack. x2
The storm dragon bites you but does no damage.
You block the storm dragon's attack. The storm dragon tramples you!
You hold your ground!
The death cob closely misses you. The death cob hits you!
The death cob drains your vigour!
You feel as though you will be slow longer.
The quicksilver dragon barely misses you. x2
You take 26 damage, and have 122/283 hp.
As you read the scroll of teleportation, it crumbles to dust.
You feel strangely unstable.
You feel the Orb delaying your translocation!
You are engulfed in freezing vapours.
You resist. The death cob hits you. The death cob drains your vigour!
You feel as though you will be slow longer.
The death cob splashes around in the water.
The death cob completely misses you. You block the death cob's attack. x2
You block the storm dragon's attack. The storm dragon completely misses you.
The storm dragon tramples you but does no damage.
The golden dragon bites you! The golden dragon misses you.
The golden dragon closely misses you.
The quicksilver dragon bites you but does no damage.
You block the quicksilver dragon's attack.
The death cob hits you! x2
* * * LOW HITPOINT WARNING * * *
The death cob drains your vigour!
You feel as though you will be slow longer.
The death cob completely misses you. The storm dragon bites you.
* * * LOW HITPOINT WARNING * * *
The storm dragon completely misses you. The storm dragon closely misses you. x2
The storm dragon misses you. The storm dragon completely misses you.
The golden dragon closely misses you. The golden dragon claws you.
* * * LOW HITPOINT WARNING * * *
The golden dragon tramples you but does no damage.
The quicksilver dragon barely misses you.
The quicksilver dragon claws you!
* * * LOW HITPOINT WARNING * * *
The death cob splashes around in the water.
The death cob closely misses you.
You take 63 damage, and have 59/283 hp.
MASSIVE DAMAGE!!
MP restored: 39 Really read
g - 5 scrolls of blinking {!r}?
Your blink will be uncontrolled - continue anyway?
The Orb prevents control of your translocation!
You blink.
As you read the scroll of blinking {!r}, it crumbles to dust.
You block the death cob's attack.
The death cob hits you but does no damage.
You feel much better.
The death cob hits you but does no damage. x3
You block the death cob's attack.
The death cob hits you but does no damage.
The death cob hits you.
* * * LOW HITPOINT WARNING * * *
The death cob drains your vigour!
You feel as though you will be slow longer.
The death cob misses you.
The quicksilver dragon breathes dispelling energy at you.
The bolt of dispelling energy hits you!
You feel strangely stable.
Your magical effects are unravelling.
* * * LOW HITPOINT WARNING * * *
You block the death cob's attack. x2; The death cob closely misses you.
You hear a roar!
You hear a deafening roar!
You take 18 damage, and have 42/283 hp.
Okay, then.
Unknown command.
Okay, then.
Unknown command.
Unknown command.
You feel protected.
You revert to your normal fleshy form.
The +2 pair of gloves of Lucaof {rElec Regen+} unmelds from your body.
Your +2 pair of boots unmelds from your body.
You feel yourself speed up.
You feel yourself slow down.
You feel a little less mighty now.
You block the death cob's attack. x2; The death cob completely misses you. x3
The quicksilver dragon bites you!
* * * LOW HITPOINT WARNING * * *
The quicksilver dragon claws you but does no damage.
The death cob hits you!
* * * LOW HITPOINT WARNING * * *
The death cob drains your vigour!
You feel yourself slow down. The death cob hits you.
* * * LOW HITPOINT WARNING * * *
The death cob drains your vigour!
You feel as though you will be slow longer.
The death cob hits you but does no damage.
The death cob misses you.
You block the quicksilver dragon's attack. x2
The death cob misses you. The death cob hits you!
You die...
Fedhas appreciates your contribution to the ecosystem. #.......# ##.......# ####.≈.≈....# .# #. #..%.<.≈..# !# #.. #...D≈.≈..# #D# qd..

##........##
#.##.d.. .
##.DD......#
..#dq...
....##zzz...#...#
.....#
..d....@DD..#...#
....#
#.....z######...#
qd.# #.....#
..... .q.#
.##...# ......
.q#####.##...#
....
.....!...(..#
.Dd......(.#
.d<.......#
.^.......#


You could see a shadow dragon, a golden dragon, 2 storm dragons, a black
draconian, 4 death cobs and a quicksilver dragon.

Vanquished Creatures
  the Royal Jelly (Slime:5)
  Mara (Shoals:3)
  2 juggernauts (Depths:3)
  The ghost of ThereIsNoGod the Tortoise, a master TrMo of Cheibriados (Slime:2)
  Saint Roka (Vaults:2)
  Bai Suzhen (Depths:1)
  Xtahua (Depths:5)
  A caustic shrike (Depths:3)
  3 golden dragons
  Nikola (Elf:2)
  the Enchantress (D:15)
  A bone dragon (Depths:4)
  Arachne (Spider:2)
  The ghost of Monsterracer the Executioner, a veteran GrCK of Xom (Depths:1)
  A lich (Depths:2)
  5 tentacled monstrosities
  A deep elf blademaster (Elf:3)
  A titan (Depths:4)
  Asterion (Depths:1)
  A deep elf master archer (Elf:3)
  A sphinx (Vaults:4)
  Polyphemus (Shoals:2)
  13 acid blobs
  A sphinx (shapeshifter) (Depths:4)
  A kraken (Shoals:4)
  Roxanne (Elf:2)
  A death cob (Zot:1)
  2 shadow dragons (Depths:5)
  2 tengu reavers
  Kirke (Spider:1)
  Ilsuiw (Shoals:4)
  5 azure jellies
  7 fire giants
  The ghost of HunterMK1337 the Warrior, a journeyman HOFi of Okawaru (Elf:1)
  4 frost giants
  5 deep elf sorcerers
  A draconian scorcher (Zot:1)
  A frost giant (shapeshifter) (Depths:4)
  10 vault wardens
  An iron dragon (Depths:3)
  3 ghost moths
  A balrug (Depths:1)
  Aizul (Spider:2)
  4 deep elf elementalists (Elf:3)
  5 emperor scorpions
  10 stone giants
  5 spriggan defenders
  A draconian shifter (Depths:5)
  8 ironheart preservers
  A draconian annihilator (Depths:5)
  An entropy weaver (Spider:2)
  21 very ugly things
  Azrael (Spider:3)
  2 war gargoyles (Depths:4)
  A purple draconian (Zot:1)
  5 vampire knights
  A green draconian (Depths:4)
  2 black draconians
  3 deep elf demonologists
  8 deep elf annihilators
  3 white draconians (Zot:1)
  Nessos (D:15)
  A lorocyproca (Depths:3)
  4 spark wasps (Depths:3)
  3 red draconians
  3 yellow draconians
  Snorg (D:11)
  3 deep elf death magi
  4 death oozes
  12 crystal guardians (Depths:4)
  A minotaur (shapeshifter) (Depths:4)
  3 merfolk javelineers
  7 deep elf high priests
  6 fire dragons
  8 ettins
  A minotaur (Lab)
  10 yaktaur captains
  14 great orbs of eyes
  7 merfolk impalers
  8 ice dragons
  6 vault guards
  4 rakshasas
  A hydra (Lair:3)
  2 catoblepae
  4 spriggan air magi
  An anaconda (shapeshifter) (Depths:4)
  A death knight (Vaults:1)
  52 two-headed ogres
  28 dancing weapons
  4 merfolk avatars
  8 centaur warriors
  7 deep troll earth magi
  3 satyrs
  9 death yaks
  An alligator snapping turtle (Shoals:4)
  3 deep troll shamans
  2 vampire magi
  17 ogre magi
  2 satyrs (shapeshifter)
  4 tengu warriors
  An orc high priest (Elf:2)
  A shock serpent (Depths:4)
  8 spriggan berserkers
  A shock serpent (shapeshifter) (Depths:3)
  Nergalle (Lair:4)
  Sonja (D:12)
  16 deep elf knights
  A soul eater (Depths:1)
  9 hell knights
  3 shadow wraiths
  2 iron trolls
  5 skeletal warriors (Vaults:2)
  A sixfirhy (Depths:3)
  25 deep trolls
  An unseen horror (shapeshifter) (Depths:4)
  A gelid demonspawn (Depths:3)
  2 unseen horrors
  A glowing orange brain (shapeshifter) (Depths:2)
  6 flayed ghosts
  10 sea snakes
  6 glowing orange brains
  8 deep elf archers
  2 lindwurms (Volcano)
  An orange crystal statue (Depths:1)
  13 ironbrand convokers
  4 wizards
  An infernal demonspawn (Depths:3)
  An obsidian statue (Depths:4)
  4 phantasmal warriors
  A necromancer (Depths:5)
  8 orc knights
  34 ugly things
  18 wolf spiders
  13 harpies
  12 manticores
  17 fauns
  2 orc sorcerers (Orc:2)
  14 orb spiders
  A mana viper (shapeshifter) (Vaults:4)
  10 cyclopes
  46 deep elf magi
  8 shining eyes
  A salamander (Depths:5)
  7 merfolk sirens
  5 elephants
  2 water nymphs (shapeshifter)
  Maurice (D:9)
  3 moths of wrath
  A toenail golem (Volcano)
  8 molten gargoyles
  3 black mambas
  An ice statue (IceCv)
  9 vault sentinels
  A rust devil (Depths:5)
  A spiny frog (shapeshifter) (D:15)
  12 gargoyles
  3 water nymphs
  10 spiny frogs
  A torpor snail (shapeshifter) (Depths:2)
  3 torpor snails
  2 orange demons
  4 rime drakes
  A rime drake (shapeshifter) (Depths:4)
  A hellion (Depths:5)
  7 freezing wraiths
  37 yaktaurs
  8 komodo dragons
  8 demonic crawlers
  2 tengu conjurers
  2 small abominations (Elf:3)
  2 efreet
  2 red devils
  8 trolls
  18 jumping spiders
  A queen bee (D:12)
  3 meliai (D:12)
  2 hellwings
  A meliai (shapeshifter) (Depths:4)
  A queen bee (shapeshifter) (Depths:3)
  16 polar bears
  9 merfolk
  4 wind drakes
  A tengu simulacrum (Vaults:3)
  A blink frog (shapeshifter) (Elf:2)
  7 hippogriffs
  4 raiju (Depths:4)
  94 slime creatures
  A slime creature (shapeshifter) (D:14)
  10 blink frogs
  A minotaur skeleton (Lab)
  15 hornets
  12 snapping turtles
  17 dream sheep
  6 wandering mushrooms
  A human simulacrum (Vaults:3)
  6 spriggans
  5 air elementals
  A redback (shapeshifter) (Depths:4)
  A shadow (D:15)
  39 redbacks
  A wyvern (Lair:2)
  2 vampires (D:13)
  13 tarantellas
  25 water elementals
  11 fire elementals
  A fire bat (shapeshifter) (Vaults:3)
  7 wraiths
  15 yaks
  A hog (Spider:1)
  A tarantella (shapeshifter) (Vaults:3)
  A golden eye (shapeshifter) (Depths:4)
  5 golden eyes
  2 hungry ghosts
  A steam dragon (shapeshifter) (Vaults:4)
  2 vampire mosquitoes (D:13)
  4 basilisks
  A chaos spawn (Depths:1)
  2 insubstantial wisps (Depths:4)
  6 wargs
  2 acid dragons
  A soldier ant (shapeshifter) (Vaults:1)
  A hell hound (Spider:3)
  A black bear (D:10)
  9 water moccasins
  6 porcupines
  2 ice beasts
  4 eyes of draining
  26 orc warriors
  6 sky beasts
  4 phantoms
  A black bear (shapeshifter) (Vaults:4)
  An eye of draining (shapeshifter) (Vaults:4)
  9 wolves
  9 boggarts
  12 centaurs
  46 ogres
  11 crocodiles
  8 big kobolds
  7 bullfrogs
  A gnoll sergeant (D:8)
  An ogre simulacrum (Vaults:1)
  15 earth elementals
  A glowing shapeshifter simulacrum (Vaults:1)
  A water moccasin skeleton (D:5)
  A wyvern skeleton (D:12)
  2 scorpions
  8 killer bees (D:12)
  A wight (D:7)
  8 howler monkeys
  A vampire bat (Lair:4)
  4 crimson imps
  2 jellies (D:13)
  5 hounds
  7 orc priests
  8 centaur skeletons
  21 orc wizards
  3 iguanas
  A bullfrog skeleton (D:4)
  2 human skeletons (Ossuary)
  3 hell rats (Lair:5)
  4 worker ants
  3 hound skeletons
  A mummy (Ossuary)
  Robin (D:2)
  3 gnolls (D:8)
  11 adders
  4 river rats (Sewer)
  4 shadow imps
  3 oozes
  An ooze (shapeshifter) (Depths:4)
  6 adder skeletons
  4 worms
  4 ball lightnings (Depths:4)
  3 dart slugs
  5 leopard geckos
  68 orcs
  13 bats
  12 giant cockroaches
  17 goblins
  7 hobgoblins
  8 jackals
  2 quokkas
  3 ball pythons
  A frilled lizard (D:1)
  13 hobgoblin skeletons (Ossuary)
  2 jackal skeletons (Ossuary)
  17 kobolds
  9 kobold skeletons (Ossuary)
  2 leopard gecko skeletons
  3 orc skeletons (Ossuary)
  A quokka skeleton (D:6)
  9 rats
  3 rat skeletons (Ossuary)
  3 crawling corpses (Elf:3)
  A tentacle (Shoals:4)
  4 toadstools
1801 creatures vanquished.

Vanquished Creatures (collateral kills)
  A deep elf master archer (Elf:3)
  A deep elf blademaster (Elf:3)
  5 deep elf sorcerers
  3 deep elf elementalists (Elf:3)
  3 emperor scorpions (Spider:4)
  4 ironheart preservers
  2 stone giants
  A very ugly thing (Vaults:4)
  5 deep elf annihilators (Elf:3)
  2 deep elf demonologists (Elf:3)
  A spark wasp (Spider:2)
  2 merfolk javelineers (Shoals:4)
  An ettin (D:15)
  A fire dragon (Vaults:2)
  A deep elf death mage (Elf:3)
  2 merfolk impalers (Shoals:4)
  2 crystal guardians
  A yaktaur captain (Vaults:4)
  An ice dragon (Depths:1)
  3 deep elf high priests (Elf:3)
  A hydra (Lair:3)
  2 alligator snapping turtles (Shoals:4)
  3 merfolk aquamancers (Shoals:4)
  A merfolk avatar (Shoals:4)
  An ogre mage (D:15)
  2 dancing weapons
  2 satyrs (Shoals:4)
  11 two-headed ogres
  A death yak (Lair:4)
  10 sea snakes
  An unseen horror (D:14)
  A glowing orange brain (Vaults:1)
  3 deep trolls (Vaults:2)
  3 wizards
  An ironbrand convoker (Vaults:2)
  4 harpies
  2 deep elf archers (Elf:3)
  2 orc knights
  4 orb spiders (Spider:4)
  9 deep elf magi
  6 manticores
  7 wolf spiders
  A cyclops (D:15)
  2 fauns (Shoals:4)
  An orc sorcerer (Vaults:2)
  7 ugly things
  2 elephants
  A water nymph (Shoals:3)
  A black mamba (Lair:4)
  6 merfolk sirens (Shoals:4)
  A gargoyle (D:14)
  A centaur skeleton (D:15)
  A vault sentinel (Vaults:1)
  8 spiny frogs
  2 komodo dragons
  2 rime drakes
  A demonic crawler (Spider:4)
  3 trolls
  7 jumping spiders
  10 merfolk
  3 polar bears
  3 wind drakes (Shoals:4)
  3 blink frogs (Lair:1)
  7 slime creatures
  3 dream sheep
  3 hippogriffs
  6 snapping turtles
  20 redbacks
  12 tarantellas
  A wyvern (Lair:6)
  3 water elementals
  8 yaks
  A basilisk (Lair:2)
  A fire elemental (Depths:4)
  2 hungry ghosts (D:8)
  2 vampire mosquitoes (D:13)
  2 wargs (Vaults:2)
  A hell hound (Spider:3)
  3 water moccasins
  3 porcupines
  2 ice beasts
  13 orc warriors
  A sky beast (D:8)
  A black bear (D:6)
  2 eyes of draining
  7 ogres
  2 phantoms
  5 wolves
  5 crocodiles
  A big kobold (D:8)
  7 bullfrogs
  3 scorpions
  6 wights
  9 killer bees
  4 electric eels
  4 crimson imps
  2 quasits
  3 hounds
  3 orc priests
  A hell rat (Lair:5)
  2 iguanas
  4 orc wizards
  3 worker ants
  A hound skeleton (D:7)
  A mummy (Ossuary)
  A worker ant zombie (D:8)
  2 gnolls (D:8)
  7 adders
  A river rat (Sewer)
  2 shadow imps
  A worm (D:3)
  A leopard gecko (D:5)
  29 orcs
  4 giant cockroaches
  A jackal (D:9)
  3 kobolds
  A quokka (D:6)
  2 ball pythons (Sewer)
  A rat (Sewer)
  A tentacle (Shoals:2)
412 creatures vanquished.

Vanquished Creatures (others)
  4 oklob plants
  2 yaktaur captains (Depths:5)
  An ogre mage (Vaults:4)
  A centaur warrior (Depths:2)
  An orc high priest (Elf:3)
  A deep elf archer (Elf:2)
  2 yaktaurs
  A jumping spider (Spider:3)
  A dream sheep (shapeshifter) (Depths:4)
  A meliai zombie (D:15)
  A redback (Spider:3)
  2 water elementals (Depths:4)
  3 air elementals (Depths:4)
  2 fire elementals (Depths:4)
  2 humans (Spider:1)
  A floating eye (shapeshifter) (Depths:4)
  2 hornet zombies
  A necrophage (D:11)
  An orc priest (Elf:3)
  A worker ant zombie (D:5)
  4 ball lightnings (Depths:4)
  91 wandering mushrooms
  25 fungi
  38 plants
  11 tentacles
  1387 toadstools
1587 creatures vanquished.

Grand Total: 3800 creatures vanquished

Notes
Turn   | Place    | Note
-------+----------+-------------------------------------------
     0 | D:1      | grisnicke the Draconian Transmuter began the quest for the Orb.
     0 | D:1      | Reached XP level 1. HP: 16/16 MP: 3/3
   199 | D:1      | Reached XP level 2. HP: 22/23 MP: 3/5
   203 | D:1      | Learned a level 2 spell: Sticks to Snakes
   599 | D:1      | Reached XP level 3. HP: 25/28 MP: 6/6
  1141 | D:2      | Found a blossoming altar of Fedhas.
  1158 | D:2      | Became a worshipper of Fedhas Madash
  1287 | D:2      | Noticed Robin
  1673 | D:2      | Noticed a hand axe
  1674 | D:2      | Noticed a hand axe
  1797 | D:2      | Reached skill level 3 in Transmutations
  1805 | D:2      | Learned a level 3 spell: Spider Form
  1920 | D:2      | Killed Robin
  1920 | D:2      | Reached XP level 4. HP: 36/36 MP: 5/7
  2071 | D:2      | Found a bloodstained altar of Trog.
  2107 | D:2      | Found a hide-covered altar of Uskayaw.
  2379 | D:2      | Reached skill level 2 in Fighting
  2586 | D:2      | Reached * piety under Fedhas
  2652 | D:2      | Found a hazy altar of Hepliaklqana.
  2764 | D:3      | Reached skill level 1 in Poison Magic
  2929 | D:3      | Found an ancient bone altar of Kikubaaqudgha.
  3135 | D:3      | Found a snail-covered altar of Cheibriados.
  3453 | D:3      | Reached skill level 4 in Unarmed Combat
  3453 | D:3      | Reached XP level 5. HP: 40/41 MP: 0/8
  3659 | D:4      | Noticed an ogre
  3667 | D:4      | Killed an ogre
  3667 | D:4      | Reached skill level 3 in Spellcasting
  3667 | D:4      | Reached skill level 1 in Invocations
  3695 | D:4      | Found a sand-covered staircase.
  3706 | Ossuary  | Entered an ossuary
  3712 | Ossuary  | Learned a level 4 spell: Ice Form
  3848 | Ossuary  | Reached ** piety under Fedhas
  4045 | Ossuary  | Reached XP level 6. HP: 33/50 MP: 3/10
  4172 | Ossuary  | Reached skill level 4 in Transmutations
  4212 | Ossuary  | Reached *** piety under Fedhas
  4242 | Ossuary  | Reached skill level 3 in Fighting
  4242 | Ossuary  | Reached skill level 1 in Ice Magic
  4489 | D:4      | Reached skill level 2 in Invocations
  5028 | D:5      | Entered Level 5 of the Dungeon
  5127 | D:5      | Found a glowing drain.
  5136 | Sewer    | Entered a sewer
  5222 | Sewer    | Your scales start taking on a lurid green colour.
  5222 | Sewer    | Reached XP level 7. HP: 39/57 MP: 12/12
  5222 | Sewer    | Gained mutation: Your system is resistant to poisons. (rPois) [Green Draconian growth]
  5516 | Sewer    | Reached skill level 5 in Transmutations
  5728 | Sewer    | Reached skill level 2 in Ice Magic
  5836 | Sewer    | Reached skill level 3 in Invocations
  6058 | D:5      | Found a staircase to the Ecumenical Temple.
  6187 | D:5      | Reached skill level 4 in Fighting
  6187 | D:5      | Reached XP level 8. HP: 54/66 MP: 13/13
  6429 | D:5      | Reached skill level 6 in Transmutations
  6476 | D:5      | Found a glowing silver altar of Zin.
  6655 | D:6      | Reached skill level 5 in Unarmed Combat
  6742 | D:6      | Found a sparkling altar of Nemelex Xobeh.
  6754 | D:6      | Reached skill level 4 in Invocations
  6919 | D:6      | Found a sacrificial altar of Ru.
  7277 | D:6      | Found Casy's Jewellery Shoppe.
  7291 | D:6      | Reached skill level 5 in Fighting
  7291 | D:6      | Reached skill level 7 in Transmutations
  7312 | D:6      | Bought an uncursed ring of protection from fire for 300 gold pieces
  7312 | D:6      | Bought a cursed amulet of inaccuracy for 24 gold pieces
  7568 | D:7      | Noticed a hippogriff
  7583 | D:7      | Killed a hippogriff
  7612 | D:7      | Found a shimmering altar of Xom.
  7612 | D:7      | Found a shimmering altar of Xom.
  8104 | D:7      | Found a shimmering altar of Xom.
  8104 | D:7      | Found a shimmering altar of Xom.
  8110 | D:7      | Found a shimmering altar of Xom.
  8111 | D:7      | Found a shimmering altar of Xom.
  8143 | D:7      | Reached XP level 9. HP: 74/74 MP: 14/14
  8336 | D:7      | Reached skill level 5 in Invocations
  8644 | D:8      | Reached skill level 6 in Unarmed Combat
  8654 | D:8      | Found Foirut's Gadget Emporium.
  8714 | D:8      | Found Ezuzafu's Distillery.
  8734 | D:8      | Found Ikkador's General Store.
  8737 | D:8      | Found Iwiqairr's Antique Weapon Shop.
  8754 | D:8      | Reached skill level 8 in Transmutations
  9033 | D:8      | Found Veuggaug's Food Shop.
  9131 | D:8      | Noticed a two-headed ogre
  9137 | D:8      | Killed a two-headed ogre
  9137 | D:8      | Reached skill level 6 in Fighting
  9137 | D:8      | Reached skill level 4 in Spellcasting
  9229 | D:8      | Learned a level 5 spell: Blade Hands
  9310 | D:8      | Found a shattered altar of Ashenzari.
  9312 | D:8      | Found a shimmering altar of Xom.
  9364 | D:8      | Found a radiant altar of Vehumet.
  9424 | D:8      | Found a white marble altar of Elyvilon.
  9722 | D:9      | Reached skill level 6 in Invocations
  9764 | D:9      | Found a stormy altar of Qazlal.
 10005 | D:9      | Noticed a troll
 10019 | D:9      | Killed a troll
 10019 | D:9      | Reached skill level 9 in Transmutations
 10268 | D:9      | Found a deep blue altar of Sif Muna.
 10389 | D:9      | Noticed Maurice
 10404 | D:9      | Reached XP level 10. HP: 84/84 MP: 16/16
 10408 | D:9      | Killed Maurice
 10825 | D:10     | Entered Level 10 of the Dungeon
 10837 | D:9      | Reached **** piety under Fedhas
 11087 | D:10     | Reached skill level 7 in Fighting
 11087 | D:10     | Reached skill level 7 in Unarmed Combat
 11219 | D:10     | Found a staircase to the Lair.
 11402 | D:10     | Found a staircase to the Orcish Mines.
 11706 | D:10     | Reached skill level 7 in Invocations
 11983 | D:11     | Reached skill level 10 in Transmutations
 12028 | D:11     | Reached skill level 2 in Dodging
 12587 | D:11     | Reached skill level 3 in Dodging
 12666 | D:11     | Reached skill level 5 in Spellcasting
 12916 | D:11     | Noticed Snorg
 12924 | D:11     | Killed Snorg
 12924 | D:11     | Reached XP level 11. HP: 86/94 MP: 18/18
 13020 | D:11     | Reached skill level 8 in Fighting
 13091 | Lair:1   | Entered Level 1 of the Lair of Beasts
 13129 | Lair:1   | Reached skill level 4 in Dodging
 13136 | Lair:1   | Reached skill level 8 in Unarmed Combat
 13188 | Lair:1   | Found a frozen archway.
 13215 | IceCv    | Entered an ice cave
 13224 | IceCv    | Reached skill level 8 in Invocations
 13369 | IceCv    | Reached skill level 5 in Dodging
 14075 | IceCv    | Noticed a frost giant
 14084 | IceCv    | Reached skill level 6 in Dodging
 14111 | IceCv    | Killed a frost giant
 14111 | IceCv    | Reached skill level 9 in Fighting
 14126 | IceCv    | Reached skill level 9 in Unarmed Combat
 14126 | IceCv    | Reached skill level 9 in Invocations
 14361 | IceCv    | Reached XP level 12. HP: 104/104 MP: 13/19
 14872 | Lair:1   | Reached skill level 7 in Dodging
 15629 | Lair:1   | Found a shattered altar of Ashenzari.
 15849 | Lair:2   | Reached skill level 8 in Dodging
 15901 | Lair:2   | Found a dark tunnel.
 15911 | Volcano  | Entered a volcano
 15942 | Volcano  | Reached skill level 10 in Fighting
 16495 | Volcano  | Reached skill level 10 in Invocations
 16545 | Volcano  | Reached skill level 10 in Unarmed Combat
 17051 | Lair:2   | Found a hole to the Spider Nest.
 17463 | Lair:3   | Noticed a six-headed hydra
 17475 | Lair:3   | Killed a six-headed hydra
 17475 | Lair:3   | Reached skill level 9 in Dodging
 17514 | Lair:3   | Reached ***** piety under Fedhas
 17559 | Lair:3   | Noticed a seven-headed hydra
 17565 | Lair:3   | Killed a seven-headed hydra
 17565 | Lair:3   | Reached XP level 13. HP: 94/114 MP: 15/20
 18335 | Lair:4   | Noticed Nergalle
 18354 | Lair:4   | Killed Nergalle
 18375 | Lair:4   | Got a steaming hunting sling
 18414 | Lair:4   | Found a staircase to the Shoals.
 19056 | Lair:4   | Reached skill level 11 in Unarmed Combat
 19486 | Lair:5   | Identified the +5 hunting sling of Nupo {flame, +Inv} (You found it on level 4 of the Lair of Beasts)
 19502 | Lair:5   | Found a runed door.
 19504 | Lair:5   | Found a viscous altar of Jiyva.
 19506 | Lair:5   | Found a staircase to the Slime Pits.
 19507 | Lair:5   | Noticed an acid blob
 19597 | Lair:5   | Reached skill level 11 in Fighting
 19633 | Lair:5   | Reached skill level 1 in Evocations
 19982 | Lair:5   | Reached skill level 2 in Evocations
 20498 | Lair:6   | Entered Level 6 of the Lair of Beasts
 20537 | Lair:6   | Reached skill level 10 in Dodging
 20682 | Lair:6   | Reached skill level 11 in Invocations
 20743 | Lair:6   | Reached skill level 3 in Evocations
 21018 | Lair:6   | Reached skill level 4 in Evocations
 21659 | Lair:6   | Gained mutation: Your tail ends in a poisonous barb. [Green Draconian growth]
 21659 | Lair:6   | Reached XP level 14. HP: 124/124 MP: 22/22
 21691 | Lair:6   | Got a pitted lapis lazuli ring
 22917 | Orc:1    | Entered Level 1 of the Orcish Mines
 23160 | Orc:2    | Entered Level 2 of the Orcish Mines
 23185 | Orc:2    | Reached skill level 5 in Evocations
 23200 | Orc:2    | Found a staircase to the Elven Halls.
 23232 | Orc:2    | Found a labyrinth entrance.
 23277 | Lab      | Entered a labyrinth
 23597 | Orc:1    | Reached ****** piety under Fedhas
 23933 | Orc:1    | Found a roughly hewn altar of Beogh.
 24477 | Orc:2    | Reached skill level 12 in Unarmed Combat
 24566 | Orc:2    | HP: 5/125 [ogre mage/crystal spear (48)]
 24572 | Orc:2    | Reached skill level 12 in Fighting
 24896 | Orc:2    | Found Geseriur's Assorted Antiques.
 24929 | Orc:2    | Found Vuikob's Gadget Emporium.
 24970 | Orc:2    | Found Beawoi's Antique Armour Boutique.
 25005 | Orc:2    | Found Nulaofukk's Antique Weapon Emporium.
 25016 | Orc:2    | Bought a pair of boots for 121 gold pieces
 25038 | Orc:2    | Bought a scroll of blinking for 285 gold pieces
 25038 | Orc:2    | Bought a jewelled copper wand for 152 gold pieces
 25224 | D:12     | Reached skill level 12 in Invocations
 25397 | D:8      | Bought a lamp of fire for 640 gold pieces
 25478 | D:12     | Noticed Sonja
 25491 | D:12     | Killed Sonja
 25560 | D:12     | Identified the ring "Ruffosh" {rC++ Dex+3} (You found it on level 6 of the Lair of Beasts)
 26396 | D:12     | Reached skill level 11 in Dodging
 27066 | D:13     | Reached skill level 13 in Unarmed Combat
 27082 | D:13     | HP: 22/127 [vault guard/war axe (18)]
 27333 | D:13     | Found a gate to the Vaults.
 27829 | D:13     | Reached XP level 15. HP: 115/134 MP: 19/24
 29304 | D:15     | Entered Level 15 of the Dungeon
 29732 | D:15     | Noticed Nessos
 29744 | D:15     | Killed Nessos
 29807 | D:15     | Found an ancient bone altar of Kikubaaqudgha.
 30057 | D:15     | Reached skill level 13 in Fighting
 30422 | D:15     | Reached skill level 14 in Unarmed Combat
 30625 | D:15     | Reached skill level 13 in Invocations
 31042 | D:15     | Found a staircase to the Depths.
 31396 | Spider:1 | Entered Level 1 of the Spider Nest
 31605 | Spider:1 | Noticed Kirke
 31616 | Spider:1 | Killed Kirke
 32749 | Spider:2 | Noticed Aizul
 32762 | Spider:2 | Killed Aizul
 33445 | Spider:2 | Learned a level 4 spell: Olgreb's Toxic Radiance
 33462 | Spider:2 | Noticed Arachne
 33485 | Spider:2 | Killed Arachne
 33485 | Spider:2 | Reached skill level 12 in Dodging
 33485 | Spider:2 | Reached skill level 2 in Poison Magic
 34403 | Spider:2 | Reached XP level 16. HP: 107/144 MP: 20/26
 34405 | Spider:2 | Reached skill level 3 in Poison Magic
 34769 | Spider:3 | Noticed Azrael
 35248 | Spider:3 | Reached skill level 4 in Poison Magic
 35682 | Spider:3 | Killed Azrael
 36088 | Spider:3 | Reached skill level 5 in Poison Magic
 36538 | Spider:4 | Entered Level 4 of the Spider Nest
 37166 | Spider:4 | Reached skill level 15 in Unarmed Combat
 37166 | Spider:4 | Reached skill level 6 in Poison Magic
 37439 | Spider:4 | Reached skill level 14 in Fighting
 37507 | Spider:4 | Reached skill level 7 in Poison Magic
 37513 | Spider:4 | Reached skill level 14 in Invocations
 38357 | Spider:4 | Reached skill level 1 in Slings
 38557 | Spider:4 | Reached skill level 6 in Spellcasting
 38580 | Spider:4 | HP: 31/146 [wolf spider (13)]
 39184 | Spider:4 | Reached skill level 2 in Slings
 39694 | Spider:4 | Got a gossamer rune of Zot
 40059 | Shoals:1 | Entered Level 1 of the Shoals
 40209 | Shoals:1 | Reached skill level 3 in Slings
 40509 | Shoals:1 | Reached skill level 4 in Slings
 41117 | Shoals:1 | Reached skill level 5 in Slings
 41382 | Shoals:1 | Reached XP level 17. HP: 120/152 MP: 28/28
 42098 | Shoals:2 | Reached skill level 6 in Slings
 42407 | Shoals:2 | Reached skill level 15 in Invocations
 42753 | Shoals:2 | Noticed Polyphemus
 42767 | Shoals:2 | Reached skill level 7 in Slings
 42775 | Shoals:2 | Killed Polyphemus
 43998 | Shoals:2 | Reached skill level 8 in Slings
 44786 | Shoals:3 | Noticed Mara
 44790 | Shoals:3 | Noticed grisnicke's illusion
 44793 | Shoals:3 | Killed Mara
 44793 | Shoals:3 | Reached skill level 9 in Slings
 45397 | Shoals:3 | Got a pair of distressingly furry gloves
 45398 | Shoals:3 | Identified the +2 pair of gloves of Lucaof {rElec Regen+} (You found it on level 3 of the Shoals)
 45631 | Shoals:4 | Entered Level 4 of the Shoals
 46063 | Shoals:4 | Reached skill level 10 in Slings
 46071 | Shoals:4 | Noticed Ilsuiw
 46077 | Shoals:4 | Killed Ilsuiw
 47060 | Shoals:4 | Reached skill level 11 in Slings
 47389 | Shoals:4 | Identified Laggas's Disquisition on Icy Necromancy
 47634 | Shoals:4 | Noticed a kraken
 47640 | Shoals:4 | Killed a kraken
 47659 | Shoals:4 | Got a barnacled rune of Zot
 47710 | Shoals:4 | Identified Deaneroh's Compendium of Bewitching Transformation
 48046 | Lair:1   | Learned a level 3 spell: Portal Projectile
 48278 | Vaults:1 | Entered Level 1 of the Vaults
 48363 | Vaults:1 | HP: 37/152 [ogre mage/vampiric halberd (2)]
 48620 | Vaults:1 | Reached skill level 12 in Slings
 48629 | Vaults:1 | Reached XP level 18. HP: 158/160 MP: 25/29
 48762 | Vaults:1 | Reached skill level 1 in Translocations
 48875 | Vaults:1 | Reached skill level 1 in Hexes
 49437 | Vaults:1 | Reached skill level 2 in Translocations
 49548 | Vaults:1 | Reached skill level 2 in Hexes
 50139 | Vaults:1 | Reached skill level 3 in Translocations
 50841 | Vaults:1 | Reached skill level 3 in Hexes
 51093 | Vaults:2 | Noticed Saint Roka
 51122 | Vaults:2 | Killed Saint Roka
 51122 | Vaults:2 | Reached skill level 13 in Slings
 51122 | Vaults:2 | Reached skill level 4 in Translocations
 51767 | Vaults:2 | You fall through a shaft for 2 floors!
 51811 | Vaults:4 | HP: 38/160 [yaktaur[a vault warden] (6)]
 51816 | Vaults:4 | HP: 40/160 [yaktaur[a vault warden] (1)]
 52546 | Vaults:2 | HP: 19/160 [deep elf mage/bolt of fire[an ironheart preserver] (33)]
 52547 | Vaults:2 | Reached skill level 13 in Dodging
 52807 | Vaults:2 | Reached skill level 7 in Spellcasting
 53035 | Vaults:2 | Reached skill level 14 in Slings
 53053 | Vaults:2 | Reached XP level 19. HP: 131/167 MP: 25/30
 53484 | Vaults:3 | HP: 33/167 [fire giant/fireball (16)]
 53485 | Vaults:3 | HP: 12/167 [fire giant/great sword of flaming (21)]
 53491 | Vaults:3 | HP: 27/167 [great orb of eyes (1)]
 53920 | Vaults:3 | Found Odeseig's General Store.
 53930 | Vaults:3 | Bought 2 potions of heal wounds for 110 gold pieces
 53930 | Vaults:3 | Bought 2 potions of mutation for 176 gold pieces
 53930 | Vaults:3 | Bought a ration for 55 gold pieces
 53930 | Vaults:3 | Bought the +9 fustibalus "Quobbuh" {velocity, Int+2} for 865 gold pieces
 53930 | Vaults:3 | Bought a ration for 55 gold pieces
 54045 | Vaults:3 | Found a staircase to the Crypt.
 54045 | Vaults:3 | Found an ancient bone altar of Kikubaaqudgha.
 54046 | Vaults:3 | Found a basalt altar of Yredelemnul.
 54219 | Vaults:3 | Reached skill level 1 in Shields
 54858 | Vaults:3 | Reached skill level 2 in Shields
 54979 | Vaults:3 | Reached skill level 3 in Shields
 55122 | Vaults:3 | Reached skill level 4 in Shields
 55316 | Vaults:3 | Reached skill level 5 in Shields
 55611 | Vaults:4 | Reached skill level 6 in Shields
 55699 | Vaults:4 | Reached skill level 15 in Fighting
 55925 | Vaults:4 | Reached skill level 7 in Shields
 56229 | Vaults:4 | Reached skill level 8 in Shields
 56756 | Vaults:4 | Reached skill level 9 in Shields
 56793 | Vaults:4 | Reached XP level 20. HP: 172/179 MP: 11/31
 58201 | D:8      | Bought a ration for 60 gold pieces
 58201 | D:8      | Bought a ration for 60 gold pieces
 58201 | D:8      | Bought a ration for 60 gold pieces
 58201 | D:8      | Bought a ration for 60 gold pieces
 58201 | D:8      | Bought a ration for 60 gold pieces
 58201 | D:8      | Bought a ration for 60 gold pieces
 58201 | D:8      | Bought a ration for 60 gold pieces
 58201 | D:8      | Bought a ration for 60 gold pieces
 58201 | D:8      | Bought a ration for 60 gold pieces
 58201 | D:8      | Bought a ration for 60 gold pieces
 58729 | Depths:1 | Entered Level 1 of the Depths
 58929 | Depths:1 | Noticed the Enchantress
 59227 | D:15     | Reached skill level 10 in Shields
 59469 | D:15     | Killed the Enchantress
 59602 | D:15     | HP: 23/180 [ettin/dire flail of crushing (29)]
 59608 | D:15     | HP: 26/180 [ettin/dire flail of crushing (24)]
 59946 | Depths:1 | Reached skill level 16 in Fighting
 59954 | Depths:1 | Noticed Monsterracer's ghost (veteran GrCK)
 60187 | Depths:1 | HP: 6/180 [Monsterracer's ghost (44)]
 60576 | Lair:1   | Learned a level 5 spell: Dispel Undead
 60629 | Elf:1    | Entered Level 1 of the Elven Halls
 60660 | Elf:1    | Reached skill level 1 in Necromancy
 60746 | Elf:1    | Noticed HunterMK1337's ghost (journeyman HOFi)
 60763 | Elf:1    | Killed HunterMK1337's ghost
 61012 | Elf:1    | Reached skill level 2 in Necromancy
 61163 | Elf:1    | Reached skill level 3 in Necromancy
 61180 | Elf:1    | Reached skill level 8 in Spellcasting
 61298 | Elf:1    | Reached skill level 4 in Necromancy
 61349 | Elf:1    | Reached skill level 11 in Shields
 62184 | Elf:2    | Reached skill level 5 in Necromancy
 62472 | Elf:2    | Reached skill level 6 in Necromancy
 62647 | Elf:2    | Found a runed gate.
 62647 | Elf:2    | Found a runed gate.
 62647 | Elf:2    | Found a runed gate.
 62680 | Elf:2    | Reached skill level 7 in Necromancy
 62723 | Elf:2    | Noticed Roxanne
 62831 | Elf:2    | Noticed Nikola
 62854 | Elf:2    | Killed Nikola
 62927 | Elf:2    | Found Garrunuw's Antique Weapon Shop.
 62988 | Elf:2    | Killed Roxanne
 62990 | Elf:2    | Identified Roxanne's Tome of Earth (You took it off Roxanne on level 2 of the Elven Halls)
 62999 | Elf:2    | Learned a level 6 spell: Statue Form
 63542 | Depths:1 | Reached skill level 8 in Necromancy
 63842 | Depths:1 | Noticed Asterion
 63860 | Depths:1 | Killed Asterion
 63860 | Depths:1 | Reached skill level 12 in Shields
 63860 | Depths:1 | Reached skill level 1 in Earth Magic
 63938 | Depths:1 | Noticed Bai Suzhen
 63985 | Depths:1 | Killed Bai Suzhen
 63985 | Depths:1 | Reached skill level 2 in Earth Magic
 63985 | Depths:1 | Reached XP level 21. HP: 176/188 MP: 28/33
 64048 | Depths:1 | Killed Monsterracer's ghost
 64048 | Depths:1 | Reached skill level 3 in Earth Magic
 64240 | Depths:1 | Found a gateway to a ziggurat.
 64241 | Depths:1 | Paralysed by a floating eye for 3 turns
 64336 | Depths:1 | Found a gateway to Hell.
 64344 | Depths:1 | Learned a level 1 spell: Apportation
 64347 | Depths:1 | Learned a level 2 spell: Passwall
 64519 | Depths:1 | Found a one-way gate leading to the halls of Pandemonium.
 64737 | Depths:2 | Reached skill level 4 in Earth Magic
 65221 | Depths:2 | Reached skill level 5 in Earth Magic
 65897 | Depths:2 | Reached skill level 9 in Spellcasting
 65920 | Depths:2 | Reached skill level 13 in Shields
 66347 | Depths:2 | HP: 51/225 [stone giant (12)]
 66583 | Depths:2 | Reached skill level 6 in Earth Magic
 67395 | Depths:2 | Identified the Tome of Unstable Contamination
 67759 | Depths:3 | Reached skill level 7 in Earth Magic
 68258 | Depths:3 | HP: 47/188 [fire giant/great sword of flaming (24)]
 68259 | Depths:3 | Reached skill level 8 in Earth Magic
 68576 | Depths:3 | Found a one-way gate to the infinite horrors of the Abyss.
 69022 | Depths:3 | Reached skill level 10 in Spellcasting
 69022 | Depths:3 | Reached skill level 9 in Earth Magic
 69436 | Depths:3 | Paralysed by an ogre mage for 5 turns
 69786 | Depths:3 | Reached skill level 10 in Earth Magic
 69786 | Depths:3 | Reached XP level 22. HP: 172/195 MP: 36/36
 69994 | Depths:3 | Noticed a caustic shrike
 70014 | Depths:3 | Killed a caustic shrike
 70743 | Depths:3 | Reached skill level 11 in Transmutations
 70767 | Depths:3 | Noticed a juggernaut
 70781 | Depths:3 | Killed a juggernaut
 70785 | Depths:3 | Got a pitted long sword {holy}
 71703 | Depths:3 | Noticed a juggernaut
 71711 | Depths:3 | Killed a juggernaut
 71711 | Depths:3 | Reached skill level 11 in Earth Magic
 72535 | Depths:4 | Noticed a caustic shrike
 72536 | Depths:4 | a caustic shrike changed into an acid blob
 72542 | Depths:4 | Noticed a golden dragon
 72542 | Depths:4 | an iron giant changed into a golden dragon
 72546 | Depths:4 | a golden dragon changed into an iron giant
 72552 | Depths:4 | Reached skill level 14 in Shields
 72597 | Depths:4 | Reached skill level 12 in Transmutations
 72616 | Depths:4 | HP: 61/253 [crystal guardian/crystal bolt (41)]
 72619 | Depths:4 | HP: 24/253 [crystal guardian/crystal bolt (26)]
 72632 | Depths:4 | HP: 54/253 [crystal guardian/crystal bolt (38)]
 72640 | Depths:4 | HP: 49/253 [crystal guardian/crystal bolt (9)]
 73597 | Depths:4 | Learned a level 2 spell: Swiftness
 73699 | Depths:5 | Entered Level 5 of the Depths
 73967 | Depths:5 | Noticed Xtahua
 73985 | Depths:4 | HP: 53/253 [spriggan berserker/quarterstaff (13)]
 73986 | Depths:4 | Reached skill level 12 in Earth Magic
 74505 | Depths:5 | Reached skill level 15 in Shields
 74546 | Depths:5 | Noticed a golden dragon
 74565 | Depths:4 | Killed a golden dragon
 74565 | Depths:4 | Reached XP level 23. HP: 153/202 MP: 31/37
 75166 | Depths:5 | Found a gate to the Realm of Zot.
 75304 | Depths:5 | Reached skill level 11 in Spellcasting
 75646 | Depths:5 | Reached skill level 13 in Transmutations
 75797 | Depths:5 | Killed Xtahua
 76537 | Slime:1  | Entered Level 1 of the Pits of Slime
 76738 | Slime:2  | Noticed ThereIsNoGod's ghost (master TrMo)
 76877 | Slime:2  | Gained mutation: You are clumsy. (Dex -2) [a shining eye]
 76878 | Slime:2  | Gained mutation: Your magical capacity is low. (-10% MP) [a shining eye]
 76932 | Slime:2  | Killed ThereIsNoGod's ghost
 77373 | Slime:3  | Reached skill level 17 in Fighting
 77844 | Slime:3  | Reached skill level 14 in Dodging
 77991 | Slime:5  | Entered Level 5 of the Pits of Slime
 78054 | Slime:5  | Noticed the Royal Jelly
 78065 | Slime:5  | Killed the Royal Jelly
 78277 | Slime:5  | Gained mutation: You tend to lose your temper in combat. [a shining eye]
 78545 | Slime:5  | Got a slimy rune of Zot
 78564 | Slime:5  | Learned a level 3 spell: Regeneration
 78671 | Slime:5  | Identified the amulet "Duridim" {Spirit Slay+3} (You found it on level 5 of the Pits of Slime)
 79001 | D:8      | Bought a ration for 65 gold pieces
 79001 | D:8      | Bought 17 sling bullets for 110 gold pieces
 79001 | D:8      | Bought a potion of curing for 39 gold pieces
 79016 | D:8      | Bought a potion of brilliance for 52 gold pieces
 79016 | D:8      | Bought a potion of might for 52 gold pieces
 79016 | D:8      | Bought a potion of agility for 52 gold pieces
 79029 | D:8      | Bought a sack of spiders for 320 gold pieces
 79031 | D:8      | Lost mutation: Your magical capacity is low. (-10% MP) [potion of mutation]
 79031 | D:8      | Lost mutation: You tend to lose your temper in combat. [potion of mutation]
 79031 | D:8      | Lost mutation: You are clumsy. (Dex -2) [potion of mutation]
 79031 | D:8      | Gained mutation: Your mind is acute. (Int +2) [potion of mutation]
 79031 | D:8      | Gained mutation: Your mind is very acute. (Int +4) [potion of mutation]
 79610 | Slime:4  | Gained mutation: You can translocate small distances at will. [a shining eye]
 79888 | Elf:3    | Entered Level 3 of the Elven Halls
 79974 | Elf:3    | Found an ancient bone altar of Kikubaaqudgha.
 80092 | Elf:3    | Found Luav's Distillery.
 80510 | Elf:3    | Reached skill level 16 in Invocations
 80692 | Elf:3    | Reached XP level 24. HP: 104/216 MP: 27/38
 80944 | Elf:3    | Identified the Incunabulum of Frigorific Combat Magic
 81310 | Elf:3    | Reached skill level 12 in Spellcasting
 81570 | Elf:3    | Reached skill level 18 in Fighting
 81641 | Elf:3    | Identified the amulet of Naolaomu {+Rage rN+ Str+2} (You took it off a deep elf high priest on level 3 of the Elven Halls)
 82044 | Elf:3    | Reached skill level 15 in Dodging
 82152 | Elf:3    | Identified the Collected Works on Talismans and Slavery
 82160 | Elf:3    | Learned a level 5 spell: Borgnjor's Vile Clutch
 82185 | Elf:3    | Got a steaming bardiche {chop}
 82233 | Elf:3    | Got a transparent glaive {flame}
 82987 | Zot:1    | Entered Level 1 of the Realm of Zot
 83984 | Zot:1    | Learned a level 5 spell: Lee's Rapid Deconstruction
 84841 | Zot:2    | HP: 59/283 [quicksilver dragon (12)]
 84844 | Zot:2    | HP: 26/218 [quicksilver dragon (7)]
 84844 | Zot:2    | Slain by a death cob

Skill      XL: |  1  2  3  4  5  6  7  8  9 10 11 12 13 14 15 16 17 18 19 20 21 22 23 24 |
---------------+-------------------------------------------------------------------------+-----
Transmutations | 3 4 5 7 9 10 12 13 | 13.0
Fighting       | 2 3 4 5 6 7 9 10 11 12 13 14 15 16 17 18 | 18.6
Poison Magic   | 1 2 7 |  7.5
Unarmed Combat | 4 5 6 7 9 10 11 13 14 15 | 15.5
Spellcasting   | 3 4 5 6 7 8 10 11 12 | 12.0
Invocations    | 1 2 3 4 6 7 9 10 11 12 13 14 15 16 | 16.0
Ice Magic      | 1 2 |  2.0
Dodging        | 3 6 9 10 11 12 13 14 15 | 15.2
Evocations     | 4 5 |  5.0
Slings         | 5 12 14 | 14.0
Translocations | 4 |  4.1
Hexes          | 3 |  3.0
Shields        | 9 12 13 15 | 15.0
Necromancy     | 8 |  8.0
Earth Magic    | 2 10 12 | 12.0

Action                   |  1- 3 |  4- 6 |  7- 9 | 10-12 | 13-15 | 16-18 | 19-21 | 22-24 || total
-------------------------+-------+-------+-------+-------+-------+-------+-------+-------++-------
Melee: Unarmed           |   112 |   255 |   266 |   542 |   839 |   763 |   711 |   960 ||  4448
       Tailslap          |    12 |    23 |    19 |    57 |   103 |    88 |   110 |   152 ||   564
       Kick              |    15 |     7 |     5 |     2 |       |       |       |       ||    29
       Headbutt          |    10 |     5 |    14 |       |       |       |       |       ||    29
       Punch             |     2 |     3 |     3 |    17 |    45 |    62 |    36 |     1 ||   169
       Fustibalus        |       |       |       |       |       |       |       |    17 ||    17
 Fire: Hunting sling     |     4 |    86 |   198 |    98 |   406 |   670 |    18 |       ||  1480
       Blowgun           |       |       |       |       |   186 |   157 |     2 |       ||   345
       Fustibalus        |       |       |       |       |       |    11 |  1306 |   598 ||  1915
Throw: Stone             |       |       |     2 |       |       |       |       |       ||     2
       Throwing net      |       |       |       |       |       |       |     2 |       ||     2
 Cast: Beastly Appendage |    31 |    15 |     7 |     3 |       |       |       |       ||    56
       Sticks to Snakes  |     9 |    12 |     4 |     3 |    20 |    34 |    32 |    15 ||   129
       Spider Form       |       |     1 |     1 |       |       |       |       |       ||     2
       Ice Form          |       |       |     3 |    10 |     3 |     7 |    13 |       ||    36
       Blade Hands       |       |       |     2 |    32 |    80 |    74 |    47 |     2 ||   237
       Olgreb's Toxic Ra |       |       |       |       |       |    19 |    28 |    23 ||    70
       Portal Projectile |       |       |       |       |       |     2 |    24 |     9 ||    35
       Dispel Undead     |       |       |       |       |       |       |    36 |    26 ||    62
       Statue Form       |       |       |       |       |       |       |     1 |    62 ||    63
       Apportation       |       |       |       |       |       |       |     2 |    88 ||    90
       Regeneration      |       |       |       |       |       |       |       |     6 ||     6
       Borgnjor's Vile C |       |       |       |       |       |       |       |     2 ||     2
Invok: Fungal Bloom      |     3 |    42 |    26 |    56 |   112 |   115 |    64 |    30 ||   448
       Evolution         |       |     3 |     6 |    10 |    25 |    42 |    20 |     6 ||   112
       Sunlight          |       |       |       |     1 |     9 |     7 |    14 |     5 ||    36
       Rain              |       |       |       |       |       |     2 |     1 |     1 ||     4
       Growth            |       |       |       |       |       |     2 |       |       ||     2
 Abil: Breathe Noxious F |       |       |    13 |    27 |    61 |    59 |    52 |     6 ||   218
       End Transformatio |       |       |     1 |     2 |     5 |    11 |    15 |     4 ||    38
       Evoke Berserk Rag |       |       |       |     2 |       |     1 |       |       ||     3
       Evoke Invisibilit |       |       |       |       |       |     4 |       |       ||     4
Evoke: Wand              |       |       |     6 |    25 |    14 |    29 |    15 |     6 ||    95
       Lamp of fire      |       |       |       |       |       |     5 |     4 |     1 ||    10
       Phial of floods   |       |       |       |       |       |       |     1 |     1 ||     2
       Lightning rod     |       |       |       |       |       |       |     7 |     4 ||    11
       Sack of spiders   |       |       |       |       |       |       |       |     2 ||     2
  Use: Scroll            |     3 |    10 |     5 |    13 |    19 |    15 |     5 |    17 ||    87
       Potion            |       |       |       |     2 |     7 |     8 |    17 |    24 ||    58
 Stab: Distracted        |       |     1 |       |     2 |     4 |    12 |     1 |     1 ||    21
       Confused          |       |       |     2 |    10 |    28 |    23 |    12 |     1 ||    76
       Paralysed         |       |       |       |     4 |     4 |       |       |       ||     8
       Sleeping          |       |       |       |     1 |       |       |       |       ||     1
       Petrified         |       |       |       |       |       |     3 |       |       ||     3
       Invisible         |       |       |       |       |       |       |       |     1 ||     1
  Eat: Chunk             |     4 |     8 |    18 |    33 |    54 |    57 |    59 |    30 ||   263
       Ration            |       |     1 |     2 |     3 |    11 |    13 |     8 |    13 ||    51
Armor: Skin              |    38 |    76 |    91 |   144 |   250 |   349 |   184 |   600 ||  1732
Dodge: Dodged            |    66 |   156 |   134 |   279 |   643 |   878 |   497 |   865 ||  3518
Block: Buckler           |       |       |       |       |       |       |    27 |       ||    27
       Other             |       |       |       |       |       |       |    42 |     3 ||    45
       Reflection        |       |       |       |       |       |       |    42 |    36 ||    78
       Shield            |       |       |       |       |       |       |   223 |  1086 ||  1309

Vault maps used:
D:1:      dpeg_arrival_subterranean_lakeside_camping
D:2:      lemuel_coloured_pillars_altar, bloody_trog,
          nicolae_overflow_crystal_walls, dancing_weapons_uskayaw, uniq_robin
D:3:      kennysheep_slug_shrine, lemuel_round_altar, first_ration,
          corexii_leaking_fountain, minmay_misc_feat_alley,
          grunt_decor_resistance
D:4:      nicolae_ossuary_entry_plus
D:5:      kennysheep_little_box, temple_green, portal_sewer_entry_d
D:6:      nemelex_xobeh_ov_fountains_minmay, lemuel_round_altar, serial_shops,
          nicolae_shop_trees, serial_bayou_pond_d
D:7:      serial_bayou, serial_bayou_crossing, serial_bayou_shore_b,
          serial_bayou_pond_a, serial_bayou_pond_a, serial_bayou_lagoon_b,
          xom_redecorated
D:8:      kennysheep_blocky_hall, old_standard_altar, vehumet_statue,
          nicolae_overflow_hidden_temple, serial_shops,
          nicolae_shop_statue_plus, shop, nicolae_shop_crystal, shop, shop,
          blue_anna_alchemist
D:9:      led_sif_book, nicolae_qazlal_style_of_elements, uniq_maurice
D:10:     grunt_lair_entry_orc_guard_hut, david_orc_2
D:11:     billiards_dpeg, uniq_snorg
D:12:     special_room, uniq_sonja
D:13:     lightli_vaults_fourway_checkpoint
D:14:     minmay_misc_feat_roman
D:15:     grunt_enter_depths_hoard, basic_altar, dk_noncrumbling_4, uniq_nessos
Lair:1:   portal_ice_cave_rime, basic_altar, beast_lair_carwin_7
Lair:2:   nicolae_spider_entry_orb_guardian, enter_volcano_4
Lair:3:   serial_bayou_pond_a, serial_bayou_shore_a
Lair:4:   elwin_shoals_entry_rocks, roderic_batcave, minivault_26,
          hibernation_bobbens, lemuel_fruit_tree, uniq_nergalle
Lair:5:   slime_altar_2, eino_small_chamber_without_monster,
          beast_lair_carwin_3, grunt_megastairs_5
Lair:6:   gammafunk_lair_ancient_temple
Shoals:2: kb_tengu_band, uniq_polyphemus
Shoals:3: uniq_mara
Shoals:4: shoals_end_hangedman, shoals_ilsuiw_ice
Spider:1: spider_trap, uniq_kirke
Spider:2: nicolae_spider_cling_halls, uniq_aizul, uniq_arachne
Spider:3: uniq_azrael
Spider:4: grunt_spider_rune_circles
Slime:1:  cheibrodos_slime_lost_civilization_7
Slime:3:  nicolae_slime_round_cave
Slime:4:  basic_altar
Orc:1:    basic_altar
Orc:2:    st_orc_open, lab_entry_generic
Elf:1:    eino_elf_arrival_customs, hangedman_elf_disciples
Elf:2:    serial_shops, shop, uniq_roxanne, uniq_louise, uniq_nikola
Elf:3:    nooodl_elf_gasket, basic_altar, serial_shops,
          nicolae_shop_temple_entry_statues_fountains
Vaults:1: v_rooms_6, nicolae_vaults_back_hallway, vaults_mumra_chevron_long,
          v_misc_18, dpeg_vaults_monster_box, vaults_room_fancy_cross,
          nicolae_vaults_specimen_jars, vaults_mumra_hex,
          nicolae_vaults_alarming
Vaults:2: vaults_mumra_minichess, v_misc_3, nicolae_vaults_circle_grid_a,
          nicolae_vaults_network_s, vaults_room_semicircle,
          ontoclasm_vaults_hangar, nicolae_vaults_ring_of_whatevers, v_misc_27,
          vaults_room_pools, uniq_saint_roka
Vaults:3: grunt_vaults_swirl, ontoclasm_vaults_decontamination,
          hangedman_vaults_unwind, grunt_vaults_twisty,
          minmay_crypt_entry_necro_gods, stair_cage_open, v_misc_29,
          hangedman_vaults_corner_blocks, nicolae_vaults_asterisk,
          ontoclasm_vaults_eye, serial_shops, shop_fountains
Vaults:4: ontoclasm_vaults_twist, nicolae_vaults_arrows,
          vaults_dpeg_encased_lava, ontoclasm_vaults_hangar,
          hangedman_vaults_restitches, nicolae_vaults_network_square,
          vaults_room_stairs_pillars, nicolae_vaults_network_star,
          nicolae_vaults_network_barrier, vaults_dpeg_ring,
          nicolae_vaults_border_crossing, nicolae_vaults_little_squares_2,
          v_misc_8
Depths:1: enter_ziggurat_d, rand_demon_pan_entry_4, hangedman_decor_riveting,
          hell_entry, dpeg_stationary_puzzle, uniq_asterion, uniq_bai_suzhen,
          uniq_enchantress
Depths:2: minmay_haunted_quarter, chequers_big_river, pf_coc_iceberg,
          kennysheep_doodads, minmay_staircase_statues, basic_stair_grate_trap
Depths:3: minmay_the_grid_3x2, rand_demon_pan_entry_9,
          hangedman_abyss_entry_splay, serial_curves, eino_curves_03,
          eino_curves_02, hell_entry, hangedman_glass_teeth, st_stairs_8,
          nicolae_water_bricks, infiniplex_staircase_door_maze, firewood_loft
Depths:4: radiant_caverns_a_rkd, hell_entry, abyss_entry, pan_entry
Depths:5: grunt_zot_entry_alcove, rand_demon_pan_entry_7, hell_entry,
          feat_on_display, uniq_xtahua
Zot:1:    hangedman_zot_gyre
Zot:2:    st_stairs_1, zot_minivault_4
Lab:      labyrinth_hidden_loot, nicolae_lab_blocks, nicolae_lab_starburst,
          nicolae_lab_t_cross, nicolae_lab_grate_2
Sewer:    sewer_co_tree
Ossuary:  ossuary_tomb_1
IceCv:    ice_cave_small_giant
Volcano:  volcano_aerie

Table legend:
 A = Turns spent in this place as a percentage of turns spent in the entire game.
 B = Non-inter-level travel turns spent in this place as a percentage of non-inter-level travel turns spent in the entire game.
 C = Inter-level travel turns spent in this place as a percentage of turns spent in this place.
 D = Turns resting spent in this place as a percentage of non-inter-level travel turns spent in this place.
 E = Turns spent auto-exploring this place as a percentage of non-inter-level travel turns spent in this place.
 F = Non-inter-level travel turns spent in this place divided by the number of levels of this place that you've seen.
                   A       B       C       D       E      F
               +-------+-------+-------+-------+-------+----------------------
         Total | 100.0 | 100.0 |  10.5 |  28.9 |  20.6 | 1381.0
       Dungeon |  25.9 |  24.1 |  16.7 |  24.0 |  28.4 | 1218.5
          Lair |  10.7 |  10.1 |  15.2 |  20.9 |  36.0 | 1284.0
        Shoals |   9.3 |  10.0 |   4.6 |  40.3 |  13.3 | 1890.5
   Spider Nest |   9.9 |  10.5 |   5.7 |  39.5 |   6.9 | 1987.2
    Slime Pits |   3.1 |   3.3 |   6.8 |  48.4 |   2.2 | 494.0
  Orcish Mines |   2.4 |   2.5 |   6.6 |  34.5 |  14.5 | 946.0
   Elven Halls |   6.4 |   6.7 |   6.8 |  21.9 |  26.0 | 1685.7
        Vaults |  11.0 |  11.3 |   8.0 |  22.2 |  22.3 | 2141.0
        Depths |  15.6 |  15.4 |  11.3 |  30.3 |  15.3 | 2345.8
           Zot |   1.1 |   1.1 |   7.6 |   1.2 |  57.6 | 420.0
     Labyrinth |   0.3 |   0.3 |   0.0 |  21.1 |   0.0 | 223.0
         Sewer |   1.0 |   1.1 |   0.0 |   4.8 |  16.5 | 859.0
       Ossuary |   0.8 |   0.9 |   0.0 |  36.9 |   0.0 | 705.0
      Ice Cave |   1.7 |   1.9 |   0.0 |  33.4 |   7.6 | 1442.0
       Volcano |   0.8 |   0.9 |   0.0 |  72.9 |   0.0 | 682.0
               +-------+-------+-------+-------+-------+----------------------

Table legend:
 A = Kills in this place as a percentage of kills in entire the game.
 B = Kills by you in this place as a percentage of kills by you in the entire game.
 C = Kills by friends in this place as a percentage of kills by friends in the entire game.
 D = Other kills in this place as a percentage of other kills in the entire game.
 E = Experience gained in this place as a percentage of experience gained in the entire game.
 F = Experience gained in this place divided by the number of levels of this place that you have seen.
                   A       B       C       D       E      F
               +-------+-------+-------+-------+-------+----------------------
         Total | 100.0 | 100.0 | 100.0 | 100.0 | 100.0 | 19263.9
       Dungeon |  20.4 |  18.5 |  28.7 |  20.0 |   6.4 | 4554.9
          Lair |   8.0 |   7.2 |  12.0 |   2.9 |   4.3 | 7648.2
        Shoals |   7.9 |   6.3 |  15.2 |   0.0 |   8.0 | 21149.5
   Spider Nest |   8.2 |   6.7 |  13.8 |  20.0 |   6.3 | 16617.0
    Slime Pits |   4.4 |   5.3 |   0.7 |   0.0 |   8.0 | 16960.6
  Orcish Mines |   4.3 |   4.1 |   5.7 |   0.0 |   1.6 | 8342.5
   Elven Halls |   7.6 |   7.6 |   7.6 |   8.6 |  11.8 | 41811.7
        Vaults |  16.1 |  17.4 |  10.3 |  17.1 |  19.5 | 51721.2
        Depths |  17.0 |  20.4 |   2.0 |  22.9 |  29.9 | 63355.6
           Zot |   0.7 |   0.9 |   0.0 |   0.0 |   2.6 | 13706.0
     Labyrinth |   0.2 |   0.3 |   0.0 |   0.0 |   0.2 | 2560.0
         Sewer |   1.3 |   1.1 |   2.0 |   0.0 |   0.1 | 667.0
       Ossuary |   1.8 |   2.2 |   0.2 |   0.0 |   0.0 | 221.0
      Ice Cave |   1.6 |   1.6 |   1.7 |   2.9 |   0.8 | 8511.0
       Volcano |   0.5 |   0.5 |   0.0 |   5.7 |   0.4 | 4276.0
               +-------+-------+-------+-------+-------+----------------------
